[Event "ICC tourney 2109 (75 10)"]
[Site "Internet Chess Club"]
[Date "2020.11.06"]
[Round "1"]
[White "playerlucky"]
[Black "Chess121"]
[Result "1-0"]
[ICCResult "Black checkmated"]
[WhiteElo "1830"]
[BlackElo "1477"]
[Opening "Queen's bishop game"]
[ECO "D02"]
[NIC "QP.08"]
[Time "20:04:04"]
[PlyCount "129"]
[TimeControl "4500+10"]

1. d4 d5 2. Nf3 Nf6 3. Bf4 g6 4. e3 Bg7 5. Nbd2 O-O 6. c4 e6 7. Rc1 c6 8.
Qb3 Nh5 9. Bg3 Nxg3 10. hxg3 Nd7 11. Bd3 Re8 12. cxd5 exd5 13. O-O Qb6 14.
Qc2 c5 15. dxc5 Qxb2 16. Nb3 Qxc2 17. Rxc2 Nf6 18. Nfd4 Bd7 19. Nb5 Bxb5
20. Bxb5 Rec8 21. Rfc1 a6 22. Be2 Rc7 23. Bf3 Ne4 24. Nd4 Rac8 25. a4 Kf8
26. Bg4 Rd8 27. a5 Ke7 28. c6 Bxd4 29. exd4 bxc6 30. Rxc6 Rxc6 31. Rxc6 f5
32. Be2 Rd6 33. Rc7+ Rd7 34. Rc6 Rd6 35. Rxa6 Rxa6 36. Bxa6 Nd2 37. Bb7 Kd6
38. a6 Kc7 39. Bxd5 Kb6 40. Bg8 h6 41. Bh7 g5 42. Bxf5 Kxa6 43. Be6 Ne4 44.
Kf1 Kb6 45. Ke2 Nc3+ 46. Kd2 Nb5 47. Ke3 Nc7 48. Bf7 Kc6 49. f4 Nd5+ 50.
Bxd5+ Kxd5 51. f5 Kd6 52. Ke4 Ke7 53. Ke5 h5 54. d5 h4 55. gxh4 gxh4 56.
f6+ Ke8 57. Ke6 Kf8 58. f7 Kg7 59. Ke7 Kg6 60. f8=Q Kg5 61. Qf3 h3 62. gxh3
Kg6 63. Qg4+ Kh7 64. Kf7 Kh6 65. Qh4# { Black checkmated } 1-0

[Event "ICC tourney 2109 (75 10)"]
[Site "Internet Chess Club"]
[Date "2020.11.06"]
[Round "1"]
[White "imranchamp"]
[Black "chesslead"]
[Result "0-1"]
[ICCResult "White checkmated"]
[WhiteElo "1811"]
[BlackElo "2096"]
[Opening "Pirc defense"]
[ECO "B07"]
[NIC "PU.08"]
[Time "20:04:01"]
[PlyCount "54"]
[TimeControl "4500+10"]

1. e4 d6 2. d4 Nf6 3. Nc3 Nbd7 4. f4 e5 5. Nf3 exd4 6. Nxd4 g6 7. Bd3 Bg7
8. O-O O-O 9. Nb3 Re8 10. h3 b6 11. Re1 Bb7 12. g4 Qe7 13. Be3 Nxe4 14.
Nxe4 Bxe4 15. Bxb6 axb6 16. Rxe4 Qh4 17. Qf3 Bxb2 18. Rae1 Rxe4 19. Qxe4
Rxa2 20. Qe8+ Kg7 21. Re7 Ne5 22. fxe5 Qg3+ 23. Kf1 Ra1+ 24. Nxa1 Qf3+ 25.
Kg1 Bd4+ 26. Kh2 Qf2+ 27. Kh1 Qg1# { White checkmated } 0-1

[Event "ICC tourney 2109 (75 10)"]
[Site "Internet Chess Club"]
[Date "2020.11.06"]
[Round "1"]
[White "SparkyNinja"]
[Black "chessisthebest1"]
[Result "0-1"]
[ICCResult "White checkmated"]
[WhiteElo "1542"]
[BlackElo "1836"]
[Opening "Sicilian: Najdorf, Opocensky variation"]
[ECO "B92"]
[NIC "SI.11"]
[Time "20:03:56"]
[PlyCount "64"]
[TimeControl "4500+10"]

1. e4 c5 2. Nf3 d6 3. d4 cxd4 4. Nxd4 Nf6 5. Nc3 a6 6. Be2 e5 7. Nb3 Be7 8.
Be3 Nbd7 9. O-O O-O 10. Kh1 b6 11. f3 Bb7 12. a4 Qc7 13. Qe1 d5 14. exd5
Nxd5 15. Nxd5 Bxd5 16. Rc1 Qb7 17. Bd3 f5 18. c4 Be6 19. Bd2 Rac8 20. f4 e4
21. Nd4 Nc5 22. Nxe6 Nxd3 23. Qg3 Rf7 24. Rc3 Bf6 25. Rxd3 exd3 26. Qxd3
Rd7 27. Qc2 Qe4 28. Qxe4 fxe4 29. Bc3 Bxc3 30. bxc3 Rxc4 31. Rc1 Rxc3 32.
Rxc3 Rd1# { White checkmated } 0-1

[Event "ICC tourney 2109 (75 10)"]
[Site "Internet Chess Club"]
[Date "2020.11.06"]
[Round "1"]
[White "advaith06"]
[Black "VincentT2008"]
[Result "1-0"]
[ICCResult "Black resigns"]
[WhiteElo "1969"]
[BlackElo "1744"]
[Opening "King's Indian: fianchetto, Panno variation"]
[ECO "E63"]
[NIC "KI.71"]
[Time "20:03:53"]
[PlyCount "73"]
[TimeControl "4500+10"]

1. d4 Nf6 2. c4 g6 3. g3 Bg7 4. Bg2 d6 5. Nf3 O-O 6. O-O Nc6 7. Nc3 a6 8.
b3 Rb8 9. d5 Na5 10. Bg5 h6 11. Bd2 c5 12. dxc6 Nxc6 13. Rc1 Bd7 14. Nd5
Ne4 15. Be3 b5 16. Nd4 Nxd4 17. Bxd4 e5 18. Ba7 Rb7 19. Bb6 Rxb6 20. Nxb6
Nxf2 21. Qxd6 Nh3+ 22. Bxh3 Bxh3 23. Qxd8 Rxd8 24. c5 e4 25. Rfd1 Rb8 26.
Nd7 Rc8 27. c6 b4 28. Nb6 Rc7 29. Nd5 Be5 30. Nxc7 Bxc7 31. Kf2 Be6 32. e3
Kf8 33. Rd4 f5 34. Rxb4 Bc8 35. Rb7 Bd6 36. Rd1 Be7 37. Rb8 { Black resigns
} 1-0

[Event "ICC tourney 2109 (75 10)"]
[Site "Internet Chess Club"]
[Date "2020.11.06"]
[Round "1"]
[White "Mapking1"]
[Black "greenninja"]
[Result "1/2-1/2"]
[ICCResult "Game drawn by mutual agreement"]
[WhiteElo "1807"]
[BlackElo "1977"]
[Opening "Sicilian: Najdorf, Byrne (English) attack"]
[ECO "B90"]
[NIC "SI.14"]
[Time "20:04:35"]
[PlyCount "71"]
[TimeControl "4500+10"]

1. e4 c5 2. Nf3 d6 3. d4 cxd4 4. Nxd4 Nf6 5. Nc3 a6 6. Be3 e5 7. Nb3 Be6 8.
f3 Nbd7 9. Qd2 b5 10. a4 b4 11. Nd5 Bxd5 12. exd5 Nb6 13. Bxb6 Qxb6 14.
O-O-O Be7 15. Kb1 O-O 16. g4 Rfc8 17. h4 Rc7 18. Bd3 Rb8 19. a5 Qa7 20. h5
Nxd5 21. Bxh7+ Kxh7 22. Qxd5 Kg8 23. h6 Qb7 24. h7+ Kh8 25. Qxf7 Rf8 26.
Qg6 Qxf3 27. Rdf1 Qxf1+ 28. Rxf1 Rxf1+ 29. Ka2 Rf2 30. Na1 Rc5 31. Qe6 Kxh7
32. Qxe7 Rxa5+ 33. Kb3 Rf6 34. Qe8 Rxa1 35. Qh5+ Kg8 36. Qe8+ { Game drawn
by mutual agreement } 1/2-1/2

[Event "ICC tourney 2109 (75 10)"]
[Site "Internet Chess Club"]
[Date "2020.11.06"]
[Round "1"]
[White "wangfang75"]
[Black "Niteshc"]
[Result "1-0"]
[ICCResult "Black checkmated"]
[WhiteElo "1854"]
[BlackElo "1623"]
[Opening "Caro-Kann: exchange variation"]
[ECO "B13"]
[NIC "CK.02"]
[Time "20:04:07"]
[PlyCount "115"]
[TimeControl "4500+10"]

1. e4 c6 2. d4 d5 3. exd5 cxd5 4. c3 Nc6 5. Bb5 a6 6. Ba4 Nf6 7. Nf3 b5 8.
Bb3 Bg4 9. h3 Bh5 10. g4 Bg6 11. Ne5 Qb6 12. Nxg6 hxg6 13. g5 Nh5 14. Bxd5
e6 15. Be4 Bd6 16. Be3 Qc7 17. Nd2 Nf4 18. Qf3 Rc8 19. O-O-O Nb4 20. Bxf4
Bxf4 21. Kb1 Bxd2 22. Rxd2 Nc6 23. Bxc6+ Qxc6 24. d5 Qb7 25. Re1 O-O 26.
Qd1 exd5 27. Rxd5 Rfe8 28. Rxe8+ Rxe8 29. f4 Qe7 30. Re5 Qd8 31. Qxd8 Rxd8
32. Kc2 Kf8 33. Re4 Re8 34. Rxe8+ Kxe8 35. Kd3 Kd7 36. Kd4 Ke6 37. b3 Kf5
38. c4 bxc4 39. bxc4 Ke6 40. Kc5 Kd7 41. Kb6 f6 42. c5 f5 43. c6+ Kc8 44.
c7 a5 45. a4 Kd7 46. Kb7 Ke7 47. c8=Q Kf7 48. Qc7+ Kg8 49. Qxa5 Kh7 50. Qe1
Kh8 51. a5 Kh7 52. a6 Kg8 53. a7 Kh7 54. h4 Kh8 55. a8=Q+ Kh7 56. Qaa1 Kh8
57. Qe7 Kg8 58. Qaxg7# { Black checkmated } 1-0

[Event "ICC tourney 2109 (75 10)"]
[Site "Internet Chess Club"]
[Date "2020.11.06"]
[Round "1"]
[White "xyzchessdude"]
[Black "Vish1080"]
[Result "1-0"]
[ICCResult "Black resigns"]
[WhiteElo "2015"]
[BlackElo "1796"]
[Opening "Réti: advance variation"]
[ECO "A09"]
[NIC "RE.15"]
[Time "20:03:59"]
[PlyCount "77"]
[TimeControl "4500+10"]

1. Nf3 d5 2. c4 d4 3. g3 Nf6 4. Bg2 Nc6 5. O-O g6 6. e3 e5 7. exd4 exd4 8.
Re1+ Be6 9. Ng5 Qd7 10. Qe2 Nd8 11. Bh3 Ke7 12. d3 h6 13. Nxe6 Nxe6 14. b4
Bg7 15. b5 Rhe8 16. Bxe6 fxe6 17. Nd2 Kf8 18. Ne4 Qf7 19. Bd2 Nxe4 20. Qxe4
Rab8 21. a4 Qf5 22. Re2 Qxe4 23. Rxe4 e5 24. Rae1 Kf7 25. Bb4 Bf8 26. Bxf8
Kxf8 27. Rxe5 Rxe5 28. Rxe5 Rd8 29. f4 Kf7 30. Kf2 Kf6 31. Kf3 c6 32. h4 h5
33. Ke4 Rd7 34. bxc6 bxc6 35. Rc5 Rd6 36. Ra5 Rd7 37. Ra6 Rc7 38. Kxd4 Kf5
39. Ra5+ { Black resigns } 1-0

[Event "ICC tourney 2109 (75 10)"]
[Site "Internet Chess Club"]
[Date "2020.11.06"]
[Round "1"]
[White "drberkley"]
[Black "Natey"]
[Result "1-0"]
[ICCResult "Black checkmated"]
[WhiteElo "1924"]
[BlackElo "1712"]
[Opening "Vienna gambit"]
[ECO "C29"]
[NIC "VG.04"]
[Time "20:04:01"]
[PlyCount "99"]
[TimeControl "4500+10"]

1. e4 e5 2. Nc3 Nf6 3. f4 Nc6 4. fxe5 Nxe5 5. d4 Nc6 6. e5 Ng8 7. Nf3 Bb4
8. Bd3 Nge7 9. O-O Ng6 10. Ne4 O-O 11. c3 Be7 12. Bg5 h6 13. Bxe7 Ncxe7 14.
Qd2 d5 15. Ng3 Be6 16. h4 Re8 17. h5 Nf8 18. Qf4 Nh7 19. Nh4 Ng5 20. Nf3
Nxf3+ 21. Rxf3 c5 22. Nf5 Nxf5 23. Bxf5 Bxf5 24. Qxf5 Qc7 25. Raf1 Re7 26.
Rg3 Kh8 27. Qg4 Rg8 28. Rf6 Qc8 29. Rd6 cxd4 30. cxd4 Qc1+ 31. Kh2 Qd2 32.
Rd8 Qg5 33. Rxg8+ Kxg8 34. Qc8+ Kh7 35. Rxg5 hxg5 36. Qd8 Re6 37. Qxd5 Ra6
38. Qxf7 Rb6 39. e6 Rxb2 40. e7 Re2 41. e8=Q Rxe8 42. Qxe8 b6 43. Qg6+ Kg8
44. d5 Kf8 45. d6 a5 46. d7 Ke7 47. Qe8+ Kf6 48. d8=Q+ Kf5 49. Qg6+ Kg4 50.
Qgxg5# { Black checkmated } 1-0

[Event "ICC tourney 2109 (75 10)"]
[Site "Internet Chess Club"]
[Date "2020.11.06"]
[Round "1"]
[White "HarleyQueen8"]
[Black "AJ2000"]
[Result "1-0"]
[ICCResult "Black resigns"]
[WhiteElo "1892"]
[BlackElo "1649"]
[Opening "Grünfeld: exchange, Spassky variation"]
[ECO "D87"]
[NIC "GI.05"]
[Time "20:03:55"]
[PlyCount "45"]
[TimeControl "4500+10"]

1. d4 Nf6 2. c4 g6 3. Nc3 d5 4. cxd5 Nxd5 5. e4 Nxc3 6. bxc3 Bg7 7. Bc4 c5
8. Ne2 O-O 9. O-O Nc6 10. Be3 b6 11. Rc1 Qc7 12. Qd2 Rd8 13. h3 Bb7 14. f4
Na5 15. Bd3 e6 16. f5 exf5 17. exf5 Qe7 18. Rce1 Be4 19. Bg5 f6 20. Ng3 Qc7
21. Bf4 Qd7 22. Bxe4 Rac8 23. fxg6 { Black resigns } 1-0

[Event "ICC tourney 2109 (75 10)"]
[Site "Internet Chess Club"]
[Date "2020.11.06"]
[Round "1"]
[White "Nikhilp"]
[Black "BadWolf"]
[Result "1-0"]
[ICCResult "Black resigns"]
[WhiteElo "1773"]
[BlackElo "1937"]
[Opening "French: exchange variation"]
[ECO "C01"]
[NIC "FR.01"]
[Time "20:04:07"]
[PlyCount "57"]
[TimeControl "4500+10"]

1. e4 e6 2. d4 d5 3. exd5 exd5 4. Nf3 Bd6 5. c4 dxc4 6. Bxc4 Nf6 7. O-O O-O
8. Bg5 Bg4 9. Nbd2 Nbd7 10. Qb3 Rb8 11. Ne4 Be7 12. Nxf6+ Bxf6 13. Bxf6
Qxf6 14. Ne5 Nxe5 15. dxe5 Qxe5 16. Rfe1 Qf6 17. Re3 b5 18. Bd3 h6 19. Rae1
c5 20. Qc2 c4 21. Be4 Rbc8 22. h3 Bh5 23. g4 Bg6 24. Bxg6 fxg6 25. Re6 Qh4
26. Rxg6 Qxh3 27. Re7 Rf7 28. Rxf7 Kxf7 29. Qf5+ { Black resigns } 1-0

[Event "ICC tourney 2109 (75 10)"]
[Site "Internet Chess Club"]
[Date "2020.11.06"]
[Round "1"]
[White "Goldenmaknae"]
[Black "TacticalVM"]
[Result "1-0"]
[ICCResult "Black checkmated"]
[WhiteElo "1899"]
[BlackElo "1681"]
[Opening "Benoni: 6.e4"]
[ECO "A65"]
[NIC "BI.38"]
[Time "20:03:54"]
[PlyCount "67"]
[TimeControl "4500+10"]

1. d4 Nf6 2. c4 c5 3. d5 e6 4. Nc3 exd5 5. cxd5 d6 6. e4 g6 7. Be2 Bg7 8.
Bf4 a6 9. Nf3 b5 10. O-O O-O 11. Qc2 Re8 12. Nd2 Qe7 13. Bf3 Nbd7 14. Rfe1
Ne5 15. Bxe5 Qxe5 16. Rad1 Bd7 17. h3 Qg5 18. Kh1 Re7 19. Ne2 Rae8 20. Ng3
Nxd5 21. a3 Nf4 22. Ndf1 Bd4 23. Nh2 d5 24. b4 dxe4 25. Bxe4 f5 26. bxc5
Rxe4 27. Rxe4 Rxe4 28. Nf3 Re2 29. Qxe2 Qh6 30. Qd2 Bxc5 31. Qxd7 Nxh3 32.
Qe6+ Kf8 33. Rd8+ Kg7 34. Rg8# { Black checkmated } 1-0

[Event "ICC tourney 2109 (75 10)"]
[Site "Internet Chess Club"]
[Date "2020.11.06"]
[Round "1"]
[White "clair"]
[Black "pianoboy"]
[Result "1-0"]
[ICCResult "Black resigns"]
[WhiteElo "1662"]
[BlackElo "1852"]
[Opening "Queen's pawn, Mason variation, Steinitz counter-gambit"]
[ECO "D00"]
[NIC "QP.08"]
[Time "20:04:12"]
[PlyCount "105"]
[TimeControl "4500+10"]

1. d4 d5 2. Bf4 c5 3. e3 Nc6 4. c3 Bf5 5. Nd2 e6 6. Ngf3 Qb6 7. Qb3 Be7 8.
Qxb6 axb6 9. Bc7 Bd8 10. Bxd8 Rxd8 11. Bb5 h6 12. O-O Ne7 13. Rfe1 O-O 14.
Be2 f6 15. Rac1 e5 16. dxe5 fxe5 17. h3 Ra8 18. a3 e4 19. Nh2 Rfd8 20. Nb3
Ne5 21. Rcd1 N7c6 22. Rd2 Be6 23. Nc1 d4 24. exd4 cxd4 25. cxd4 Nxd4 26.
Red1 Nxe2+ 27. Nxe2 Rxd2 28. Rxd2 Nc4 29. Rc2 Rd8 30. Nc3 Nd2 31. Nf1 Nxf1
32. Kxf1 Bc4+ 33. Ke1 Bd3 34. Rd2 Re8 35. Kd1 Kf7 36. Nd5 b5 37. Nb4 Rd8
38. f3 exf3 39. gxf3 Rd4 40. Nxd3 Rh4 41. Nf2 Ke6 42. Re2+ Kf7 43. Kc2 b4
44. Re4 Rxe4 45. Nxe4 bxa3 46. bxa3 Ke7 47. Kd3 g6 48. Kc4 Kd7 49. h4 Kc6
50. Nf6 g5 51. hxg5 hxg5 52. Ne4 b5+ 53. Kb4 { Black resigns } 1-0

[Event "ICC tourney 2109 (75 10)"]
[Site "Internet Chess Club"]
[Date "2020.11.06"]
[Round "1"]
[White "saisneha"]
[Black "wahoo"]
[Result "1-0"]
[ICCResult "Black checkmated"]
[WhiteElo "1877"]
[BlackElo "1629"]
[Opening "QGD: Charousek (Petrosian) variation"]
[ECO "D31"]
[NIC "QP.08"]
[Time "20:04:00"]
[PlyCount "111"]
[TimeControl "4500+10"]

1. d4 d5 2. c4 e6 3. Nc3 Be7 4. cxd5 exd5 5. Nf3 c6 6. Qc2 Nf6 7. Bg5 Bg4
8. Ne5 Be6 9. e3 Nbd7 10. Nf3 Bg4 11. Be2 Bh5 12. O-O O-O 13. a3 h6 14. Bh4
Re8 15. b4 a6 16. Rab1 Qc7 17. Rfc1 b5 18. Qb3 Bg6 19. Rb2 Qb7 20. Bg3 Nh5
21. Nxd5 cxd5 22. Rc7 Qb6 23. Rxd7 Nxg3 24. hxg3 Be4 25. Bd3 Bxd3 26. Qxd3
Qc6 27. Rxe7 Rxe7 28. Rc2 Qd6 29. Rc5 Rc7 30. Qc3 Rb8 31. Rxc7 Rb6 32. Rc8+
Kh7 33. Qc2+ g6 34. Ne5 Rb7 35. Rc6 Qe7 36. Rxa6 Rc7 37. Rc6 Ra7 38. Qc3
Kg7 39. Rc5 Rb7 40. Rxd5 Qe6 41. Qc6 Qf5 42. Qxb7 Qb1+ 43. Kh2 Qf5 44.
Qxf7+ Qxf7 45. Nxf7 Kxf7 46. Rxb5 Ke6 47. a4 Kd6 48. a5 Kc6 49. Rb6+ Kc7
50. Rxg6 h5 51. a6 Kb8 52. Rg7 Ka8 53. b5 Kb8 54. b6 Kc8 55. a7 Kd8 56.
a8=Q# { Black checkmated } 1-0

[Event "ICC tourney 2109 (75 10)"]
[Site "Internet Chess Club"]
[Date "2020.11.06"]
[Round "1"]
[White "alexsaidfeghhi"]
[Black "karuto2006"]
[Result "1-0"]
[ICCResult "Black resigns"]
[WhiteElo "1920"]
[BlackElo "1707"]
[Opening "Scotch game"]
[ECO "C45"]
[NIC "SO.05"]
[Time "20:04:00"]
[PlyCount "53"]
[TimeControl "4500+10"]

1. e4 e5 2. Nf3 Nc6 3. d4 exd4 4. Nxd4 Bc5 5. Be3 Qf6 6. c3 Nge7 7. Bc4 O-O
8. O-O Bb6 9. Na3 a6 10. f4 Ng6 11. Qd2 Re8 12. f5 Nge5 13. Bg5 Qd6 14.
Rad1 Nxd4 15. cxd4 Nxc4 16. Nxc4 Qc6 17. Nxb6 Qxb6 18. f6 g6 19. e5 Rxe5
20. Rde1 Re6 21. Bh4 Qd6 22. d5 Rxe1 23. Rxe1 Qf8 24. d6 cxd6 25. Bg3 b5
26. Bxd6 Qd8 27. Qh6 { Black resigns } 1-0

[Event "ICC tourney 2109 (75 10)"]
[Site "Internet Chess Club"]
[Date "2020.11.06"]
[Round "1"]
[White "SridharCCA70"]
[Black "JunlinTheWorld"]
[Result "1-0"]
[ICCResult "Black checkmated"]
[WhiteElo "1804"]
[BlackElo "1834"]
[Opening "Queen's pawn game"]
[ECO "D05"]
[NIC "QP.06"]
[Time "20:04:43"]
[PlyCount "63"]
[TimeControl "4500+10"]

1. d4 Nf6 2. Nf3 d5 3. e3 e6 4. Be2 Bd6 5. h3 O-O 6. O-O b6 7. c4 Bb7 8.
cxd5 exd5 9. Nc3 a6 10. Bd2 Nbd7 11. a3 c5 12. Bd3 Qc7 13. Rc1 Rae8 14.
dxc5 bxc5 15. Re1 Qb8 16. Bf5 Ne5 17. Nxe5 Rxe5 18. Bb1 Nd7 19. f4 Ree8 20.
Ne2 f5 21. Ng3 g6 22. Bc3 Be7 23. Ba2 c4 24. Bxc4 Nb6 25. Ba2 Bh4 26. Qd4
Rf6 27. Red1 Ree6 28. Nf1 Re4 29. Qc5 Rfe6 30. Be5 Qe8 31. Qc7 Ba8 32. Qg7#
{ Black checkmated } 1-0

[Event "ICC tourney 2109 (75 10)"]
[Site "Internet Chess Club"]
[Date "2020.11.06"]
[Round "1"]
[White "canary2016"]
[Black "TheSuperKing"]
[Result "1-0"]
[ICCResult "Black resigns"]
[WhiteElo "1928"]
[BlackElo "1723"]
[Opening "Catalan: closed"]
[ECO "E01"]
[NIC "CA.01"]
[Time "20:03:56"]
[PlyCount "135"]
[TimeControl "4500+10"]

1. d4 Nf6 2. c4 e6 3. g3 d5 4. Bg2 c5 5. Nf3 Nc6 6. O-O Be7 7. cxd5 exd5 8.
dxc5 Bxc5 9. a3 O-O 10. b4 Bd6 11. Bb2 Be6 12. Nc3 Qd7 13. Rc1 Rad8 14. Nd4
Ne5 15. Nb3 Nc4 16. Qc2 Bf5 17. e4 Nxe4 18. Nxe4 Nxb2 19. Nbc5 Bxc5 20.
Nxc5 Bxc2 21. Nxd7 Rxd7 22. Rxc2 Na4 23. Rd1 Rfd8 24. Bf1 a6 25. Bh3 Rd6
26. Bc8 b5 27. Bb7 d4 28. Kf1 g6 29. Rd3 Kg7 30. Ke2 Kf6 31. f4 Nc3+ 32.
Kf3 R8d7 33. Bc8 Rc7 34. Bh3 h5 35. Rc1 Rc4 36. Bf1 Na2 37. Rxc4 bxc4 38.
Rd2 d3 39. Rxa2 d2 40. Be2 d1=Q 41. Bxd1 Rxd1 42. Rc2 Rd3+ 43. Kf2 Rxa3 44.
Rxc4 Kf5 45. h3 Ra4 46. Ke2 f6 47. Ke3 Ra3+ 48. Kf2 h4 49. g4+ Ke6 50. Kg2
Kd5 51. Rc8 Ke4 52. Rf8 Ra2+ 53. Kf1 f5 54. gxf5 gxf5 55. Rh8 Kf3 56. Ke1
Kg3 57. Rh5 Kxh3 58. Rg5 Kh2 59. Rxf5 h3 60. Rg5 Rg2 61. Kf1 Rg3 62. Kf2
Rg2+ 63. Kf1 Rxg5 64. fxg5 Kg3 65. Kg1 Kf4 66. g6 Ke4 67. g7 Kd4 68. g8=Q {
Black resigns } 1-0

[Event "ICC tourney 2109 (75 10)"]
[Site "Internet Chess Club"]
[Date "2020.11.06"]
[Round "1"]
[White "Goran21"]
[Black "KittiesRock18"]
[Result "0-1"]
[ICCResult "White resigns"]
[WhiteElo "2023"]
[BlackElo "1843"]
[Opening "English: symmetrical variation"]
[ECO "A30"]
[NIC "EO.64"]
[Time "20:03:59"]
[PlyCount "196"]
[TimeControl "4500+10"]

1. c4 c5 2. g3 d6 3. Nc3 Nf6 4. Bg2 Nc6 5. Nf3 g6 6. O-O Bg7 7. d4 cxd4 8.
Nxd4 Bd7 9. h3 O-O 10. Be3 Nxd4 11. Bxd4 Qc7 12. Rc1 Qxc4 13. Nd5 Qxa2 14.
Nxe7+ Kh8 15. Rc7 Qe6 16. Nd5 Nxd5 17. Bxd5 Qxh3 18. Bxg7+ Kxg7 19. Qd4+
Kg8 20. Bxb7 Rab8 21. Qxa7 Be6 22. Qd4 Qf5 23. Bf3 Rb3 24. Rfc1 Rfb8 25.
Qxd6 Rxb2 26. Qd4 R8b4 27. Qc3 Qg5 28. Kg2 Rb8 29. Rc5 Qh6 30. Rh1 Qf8 31.
Qe5 Qg7 32. Qf4 R2b4 33. Qd6 Qf6 34. Rd1 Rb2 35. Rc6 Kg7 36. Rd4 R8b5 37.
Rc7 Rb6 38. Qf4 Qxf4 39. Rxf4 h5 40. Rd4 Kh6 41. Rd8 Ra6 42. Re7 Kg5 43.
Rc7 Raa2 44. Rd6 Kf6 45. Rcc6 Ke5 46. Rd3 Rc2 47. Re3+ Kf6 48. Rd6 Kg5 49.
Re5+ Kh6 50. Rb5 Bg4 51. Rb3 Bxf3+ 52. Rxf3 Rxe2 53. Rxf7 Rad2 54. Rdf6 Kg5
55. Kh3 Rd1 56. Kg2 Red2 57. Rf4 Ra1 58. Rh7 Raa2 59. Re7 Ra1 60. Rff7 Rdd1
61. Re3 Rg1+ 62. Kf3 Ra6 63. Re5+ Kh6 64. Re3 Rd1 65. Kg2 Rd2 66. Ree7 Ra1
67. Re6 Rdd1 68. Re3 Rac1 69. Rf6 Re1 70. Rd3 Rcd1 71. Rb3 Rg1+ 72. Kf3 Rb1
73. Re3 Rbe1 74. Rc3 Rc1 75. Rd3 Rcd1 76. Rdd6 Rxd6 77. Rxd6 Kg5 78. Ke2
Kf5 79. Rb6 Ra1 80. Rb5+ Kg4 81. Rb4+ Kh3 82. Ke3 Kg2 83. Rb3 Ra6 84. Rb2
Rf6 85. Rb5 Rxf2 86. Ke4 Rf3 87. Rb2+ Kxg3 88. Rb6 g5 89. Rb5 Rf4+ 90. Ke3
Rg4 91. Rb1 Kh2 92. Rf1 h4 93. Rf2+ Rg2 94. Rf1 h3 95. Kf3 g4+ 96. Kf4 g3
97. Rb1 Ra2 98. Ra1 Rxa1 { White resigns } 0-1

[Event "ICC tourney 2109 (75 10)"]
[Site "Internet Chess Club"]
[Date "2020.11.06"]
[Round "1"]
[White "pika0008"]
[Black "mikoyansuren"]
[Result "0-1"]
[ICCResult "White checkmated"]
[WhiteElo "1759"]
[BlackElo "1982"]
[Opening "English: symmetrical, four knights system"]
[ECO "A30"]
[NIC "QP.10"]
[Time "20:03:52"]
[PlyCount "140"]
[TimeControl "4500+10"]

1. Nf3 c5 2. c4 Nc6 3. Nc3 Nf6 4. e3 e6 5. d4 cxd4 6. exd4 d5 7. cxd5 Nxd5
8. Be2 Bb4 9. Qc2 O-O 10. O-O Bd6 11. a3 Qb6 12. Nxd5 exd5 13. Be3 Ne7 14.
Bd3 h6 15. Rac1 Be6 16. Qb1 Rfc8 17. Ne5 a6 18. Rxc8+ Rxc8 19. Rc1 Rxc1+
20. Qxc1 Qc7 21. Qxc7 Bxc7 22. Be2 Nf5 23. Nf3 Nd6 24. Bf4 Kf8 25. Kf1 Ke7
26. Ke1 a5 27. h4 Bf5 28. Bxd6+ Bxd6 29. Kd2 Bc7 30. g3 Ke6 31. Ne1 g5 32.
hxg5 hxg5 33. Nd3 b6 34. b4 Bg6 35. bxa5 bxa5 36. Nc5+ Kd6 37. Nd3 Bb6 38.
Ke3 f6 39. f4 Be8 40. fxg5 fxg5 41. Ne5 Bc7 42. Nf3 Bd8 43. Bd3 Ke6 44. g4
Be7 45. Kd2 Kf6 46. Kc2 Bxa3 47. Kb3 Bb4 48. Ba6 Bd6 49. Bb7 a4+ 50. Ka2
Bf7 51. Bc6 a3 52. Nd2 Be6 53. Nb1 Bxg4 54. Nxa3 Bxa3 55. Bxd5 Be6 56. Kxa3
Bxd5 57. Kb2 g4 58. Kc2 g3 59. Kd2 g2 60. Ke3 g1=Q+ 61. Kd3 Qg3+ 62. Kd2
Qf2+ 63. Kd3 Qf1+ 64. Kd2 Be4 65. Ke3 Qd3+ 66. Kf2 Bf3 67. Kg3 Kg5 68. Kh3
Bh1+ 69. Kh2 Qf3 70. d5 Qg2# { White checkmated } 0-1

[Event "ICC tourney 2109 (75 10)"]
[Site "Internet Chess Club"]
[Date "2020.11.06"]
[Round "1"]
[White "Roger436"]
[Black "jpbaligad"]
[Result "0-1"]
[ICCResult "White resigns"]
[WhiteElo "1742"]
[BlackElo "1989"]
[Opening "Sicilian: Najdorf"]
[ECO "B90"]
[NIC "SI.14"]
[Time "20:04:02"]
[PlyCount "108"]
[TimeControl "4500+10"]

1. e4 c5 2. Nf3 d6 3. d4 cxd4 4. Nxd4 Nf6 5. Nc3 a6 6. f3 e5 7. Nb3 Be6 8.
Be3 Nbd7 9. Qd2 b5 10. g4 Qc7 11. g5 Nh5 12. Ne2 Rc8 13. O-O-O Nb6 14. Bxb6
Qxb6 15. Ng3 Nf4 16. Nf5 Qc7 17. Kb1 d5 18. Nc1 d4 19. Nd3 Nxd3 20. Bxd3 g6
21. Ng3 h5 22. Rhf1 Bg7 23. Ne2 O-O 24. f4 exf4 25. Nxf4 Qc5 26. Nxe6 fxe6
27. e5 Kh7 28. Qe2 Rf5 29. Bxf5 exf5 30. Rfe1 a5 31. Rc1 Re8 32. c3 Rxe5
33. Qf2 dxc3 34. Qxc5 Rxc5 35. bxc3 Bxc3 36. Re7+ Kg8 37. Rd1 Rc8 38. Red7
Rc6 39. R1d6 Rxd6 40. Rxd6 Be5 41. Rxg6+ Kf7 42. Rh6 Bxh2 43. Rf6+ Kg7 44.
Rxf5 Bg3 45. Kc2 h4 46. Kd3 h3 47. Rf6 h2 48. Rh6 a4 49. Kc3 Bd6 50. Kd4 b4
51. Kc4 b3 52. axb3 a3 53. Kc3 Be5+ 54. Kc2 a2 { White resigns } 0-1

[Event "ICC tourney 2109 (75 10)"]
[Site "Internet Chess Club"]
[Date "2020.11.06"]
[Round "1"]
[White "Aram99"]
[Black "pawnpush202044"]
[Result "0-1"]
[ICCResult "White resigns"]
[WhiteElo "1625"]
[BlackElo "1898"]
[Opening "QGD semi-Slav"]
[ECO "D43"]
[NIC "QO.16"]
[Time "20:04:01"]
[PlyCount "78"]
[TimeControl "4500+10"]

1. d4 d5 2. c4 e6 3. Nc3 Nf6 4. Nf3 c6 5. Bg5 Be7 6. e3 Nbd7 7. Bd3 O-O 8.
O-O Re8 9. Rc1 dxc4 10. Bxc4 Nd5 11. Bxe7 Qxe7 12. a3 N5b6 13. Ba2 e5 14.
d5 cxd5 15. Nxd5 Nxd5 16. Qxd5 Nf6 17. Qb3 Be6 18. Qc2 Bxa2 19. b3 Qxa3 20.
Ra1 Bxb3 21. Qc3 Qe7 22. Qxb3 b6 23. Ra4 Nd7 24. Qc2 Nc5 25. Rg4 h6 26. Nh4
Qf6 27. Nf5 Ne6 28. e4 Nd4 29. Nxd4 exd4 30. Qd3 Rac8 31. e5 Qxe5 32. Rxd4
Rc5 33. g3 a5 34. Rd1 b5 35. Qb3 b4 36. Rd7 Qe6 37. Qa4 Re5 38. Ra7 Qh3 39.
Qa1 Rh5 { White resigns } 0-1

[Event "ICC tourney 2109 (75 10)"]
[Site "Internet Chess Club"]
[Date "2020.11.06"]
[Round "1"]
[White "Mozart1"]
[Black "wulovechess"]
[Result "1-0"]
[ICCResult "Black checkmated"]
[WhiteElo "1849"]
[BlackElo "1612"]
[Opening "Giuoco Pianissimo"]
[ECO "C55"]
[NIC "IG.01"]
[Time "20:03:59"]
[PlyCount "135"]
[TimeControl "4500+10"]

1. e4 e5 2. Nf3 Nc6 3. Bc4 Nf6 4. d3 Bc5 5. c3 d6 6. O-O Bb6 7. Bg5 O-O 8.
b4 a6 9. Nbd2 Be6 10. Qb3 Qe7 11. Bd5 h6 12. Bh4 a5 13. b5 a4 14. Qc2 Nd8
15. Nc4 Qd7 16. Nxb6 cxb6 17. Bxf6 gxf6 18. c4 f5 19. exf5 Bxf5 20. Qd2 Kh7
21. Be4 Bxe4 22. dxe4 Ne6 23. Nxe5 Qe7 24. Ng4 Qh4 25. f3 Ng5 26. Qxd6 Nxe4
27. Qf4 f5 28. Rad1 Qg5 29. Rd7+ Kh8 30. fxe4 Qxf4 31. Rxf4 fxg4 32. Rxf8+
Rxf8 33. Rxb7 Rc8 34. Rxb6 Rxc4 35. Rxh6+ Kg7 36. Re6 Rb4 37. b6 Kf7 38.
Rh6 Rb1+ 39. Kf2 Rb2+ 40. Kg3 Kg7 41. Rc6 Rxa2 42. b7 Rb2 43. Ra6 Rxb7 44.
Rxa4 Rb2 45. e5 Kf7 46. Rxg4 Rb3+ 47. Kf4 Rb4+ 48. Kf5 Rxg4 49. Kxg4 Ke6
50. Kf4 Kf7 51. Kf5 Ke7 52. e6 Ke8 53. Kf6 Kf8 54. e7+ Ke8 55. h4 Kd7 56.
Kf7 Kd6 57. e8=Q Kd5 58. Qe6+ Kd4 59. Kf6 Kd3 60. Qe5 Kc4 61. Qd6 Kb3 62.
Qc5 Kb2 63. Qc4 Kb1 64. Qe2 Kc1 65. Ke5 Kb1 66. Kd4 Ka1 67. Kc3 Kb1 68.
Qb2# { Black checkmated } 1-0